 Dungeon Crawl Stone Soup version 0.28-b1-70-g80dc712255 (webtiles) character file.

Game seed: 9330003392619663783

206 JJisdabomb the Skirmisher (level 5, -1/34 HPs)
             Began as a Gargoyle Fighter on Feb 4, 2022.
             Slain by a hell rat (13 damage)
             ... in a sewer.
             The game lasted 00:04:57 (2796 turns).

JJisdabomb the Skirmisher (Gargoyle Fighter)        Turns: 2796, Time: 00:04:57

Health: -1/34      AC: 15    Str: 22    XL:     5   Next: 84%
Magic:  6/6        EV:  2    Int:  8    God:
Gold:   128        SH: 16    Dex:  9    Spells: 4/4 levels left

rFire   . . .      SeeInvis .   a - +2 whip (vorpal)
rCold   . . .      Faith    .   d - +0 tower shield
rNeg    + . .      Spirit   .   c - +0 plate armour
rPois   ∞          Reflect  +   (no helmet)
rElec   +          Harm     .   (no cloak)
rCorr   .          Rampage  .   (no gloves)
Will    .....                   (no boots)
Stlth   ..........              h - amulet of reflection
HPRegen 0.11/turn               (no ring)
MPRegen 0.10/turn               (no ring)

@: very slow
A: sickness immunity, AC +4, negative energy resistance 1, electricity
resistance, torment resistance 1, petrification resistance
a: no special abilities


You were in a sewer.
You visited 1 branch of the dungeon, and saw 3 of its levels.
You also visited: Sewer.

You collected 128 gold pieces.

Inventory:

Hand Weapons
 a - a +2 vorpal whip (weapon)
Armour
 c - a +0 plate armour (worn)
 d - a +0 tower shield (worn)
Jewellery
 h - an amulet of reflection (around neck)
Wands
 k - a wand of charming (6)
Scrolls
 f - a scroll of brand weapon
Potions
 b - a potion of flight {unknown}
 e - a potion of might


   Skills:
 * Level 4.8 Fighting
 + Level 2.9 Maces & Flails
 + Level 4.1 Armour
 + Level 4.0 Shields
 + Level 2.1 Invocations


You had 4 spell levels left.
You didn't know any spells.
Your spell library contained the following spells:

 Spells                   Type           Power      Damage    Failure   Level
 Magic Dart               Conj           0%         1d3       100%        1
 Blink                    Tloc           0%         N/A       100%        2
 Call Imp                 Summ           0%         N/A       100%        2
 Mephitic Cloud           Conj/Pois/Air  0%         N/A       100%        3
 Manifold Assault         Tloc           0%         N/A       100%        5
 Storm Form               Tmut/Air       0%         N/A       100%        7


Dungeon Overview and Level Annotations

Branches:
Dungeon (3/15)              Sewer (1/1)

Altars:


Innate Abilities, Weirdness & Mutations

You are immune to sickness and miasma.
Your stone body is resilient. (AC +4)
You are immune to poison.
You resist negative energy. (rN+)
You are resistant to electric shocks. (rElec)
You are resistant to unholy torment.
You are immune to petrification.


Message History

You hit the rat.
You kill the rat!
No target in view!
No target in view!
No target in view!
No target in view!
No target in view!
You open the door.
A hell rat comes into view.
The hell rat roars deafeningly!
A rat comes into view.
The hell rat moves out of view.
Found a purple potion, 17 arrows, a scroll of teleportation and a brown potion.
Found a gate leading back out of this place.
As you close the door, it creaks loudly!
A rat comes into view.
You see here a rat corpse.
The rat splashes around in the water.
Your unstable footing causes you to fumble your attack.
The rat splashes around in the water.
The rat bites you but does no damage.
You hit the rat.
You kill the rat!
The rat completely misses you. You block the rat's attack. x2
You see here a rat corpse.
You barely miss the rat.
The rat splashes around in the water.
You barely miss the rat. You block the rat's attack.
You hit the rat.
You kill the rat!
No target in view!
No target in view!
You open the door.
Found 22 gold pieces, 14 stones and a cyan potion.
You barely miss the hell rat. You block the hell rat's attack. x2
You hit the hell rat but do no damage. You block the hell rat's attack.
You barely miss the hell rat. You block the hell rat's attack.
The hell rat bites you!
Your unstable footing causes you to fumble your attack.
The hell rat bites you! x2
You die...

#### ≈≈.##
.≈....≈ ##.≈.
≈≈.## #...#
...# ##..##.
#≈.##
#.≈≈#...#.≈≈#
#≈≈##!≈≈##†≈#
#≈≈#?(≈≈.#@.#
#∩∩#∩!≈≈≈r†≈#
#≈≈#($≈≈≈#≈≈#
#.≈##!≈≈##≈≈#
#.†.#≈≈≈#.≈.#
##..##≈##≈.##
#.≈.###.≈.#
##.≈..≈≈.##
#≈.≈≈≈≈≈#


You could see a hell rat.

Vanquished Creatures
  An ogre (D:3)
  Terence (D:2)
  An adder (D:2)
  4 gnolls
  2 worms (D:3)
  A bat (D:1)
  5 endoplasms
  4 giant cockroaches (D:1)
  4 goblins
  2 hobgoblins
  2 quokkas (D:2)
  2 ball pythons
  2 frilled lizards
  7 kobolds
  13 rats
51 creatures vanquished.

Notes
Turn   | Place    | Note
-------+----------+-------------------------------------------
     0 | D:1      | JJisdabomb the Gargoyle Fighter began the quest for the
                  | Orb.
     0 | D:1      | Reached XP level 1. HP: 14/14 MP: 1/1
   223 | D:1      | Reached XP level 2. HP: 4/19 MP: 2/2
   969 | D:2      | Reached XP level 3. HP: 23/24 MP: 3/3
  1028 | D:2      | Reached skill level 1 in Invocations
  1459 | D:2      | Reached XP level 4. HP: 29/29 MP: 4/4
  1602 | D:2      | HP: 1/29 [gnoll (9)]
  2055 | D:2      | Noticed Terence
  2066 | D:2      | Killed Terence
  2279 | D:2      | Reached XP level 5. HP: 34/34 MP: 6/6
  2467 | D:3      | Noticed an ogre
  2485 | D:3      | Killed an ogre
  2700 | D:3      | Found a glowing drain.
  2736 | Sewer    | Entered a sewer
  2796 | Sewer    | Slain by a hell rat

Illustrated notes

Levels and vault maps discovered:
D:1:      lightli_arrival_noodles, layout_rooms, grunt_decor_junction,
          minmay_close_crescents
D:2:      layout_basic, st_stairs_3, uniq_terence
D:3:      layout_basic, cheibrodos_sewer_entry_bend
Sewer:    sewer_hellmonk_bad_rat

Skill      XL: |  1  2  3  4  5 |
---------------+----------------+-----
Invocations    | 1 2 |  2.1
Fighting       | 4 |  4.8
Armour         | 4 |  4.1
Shields        | 4 |  4.0
Maces & Flails | |  2.9

Action                   |  1- 3 |  4- 6 || total
-------------------------+-------+-------++-------
Melee: Flail             |   107 |    16 ||   123
       Whip              |       |    53 ||    53
  Use: Scroll            |       |     4 ||     4
Armor: Scale mail        |    24 |       ||    24
       Plate armour      |    60 |    18 ||    78
Dodge: Dodged            |    40 |     5 ||    45
Block: Buckler           |    26 |       ||    26
       Tower shield      |       |    51 ||    51
